 Dungeon Crawl Stone Soup version 0.25.1-2-g60ff931df9 (webtiles) character file.

Game seed: 2991838730684302287

32 protoss039 the Digger (level 3, -2/19 HPs)
             Began as a Deep Elf Earth Elementalist on Aug 2, 2020.
             Shot with a stone by a goblin (7 damage)
             ... on level 2 of the Dungeon.
             The game lasted 00:01:44 (858 turns).

protoss039 the Digger (Deep Elf Earth Elementalist)  Turns: 858, Time: 00:01:45

Health: -2/19      AC:  2    Str:  5    XL:     3   Next: 8%
Magic:  4/10       EV: 13    Int: 20    God:
Gold:   94         SH:  0    Dex: 15    Spells: 8/9 levels left

rFire    . . .     SeeInvis .   g - +0 short sword
rCold    . . .     Gourm    .   (no shield)
rNeg     . . .     Faith    .   c - +0 robe
rPois    .         Spirit   .   (no helmet)
rElec    .         Reflect  .   (no cloak)
rCorr    .         Harm     .   (no gloves)
MR       .....                  (no boots)
Stlth    ++........             (no amulet)
HPRegen  0.06/turn              (no ring)
MPRegen  0.12/turn              (no ring)

@: no status effects
A: no striking features
a: no special abilities


You were on level 2 of the Dungeon.
You were not hungry.

You visited 1 branch of the dungeon, and saw 2 of its levels.

You collected 94 gold pieces.

Inventory:

Hand Weapons
 g - a +0 short sword (weapon)
Missiles
 b - 23 stones (quivered)
Armour
 c - a +0 robe (worn)
Scrolls
 h - a scroll of teleportation {unknown}
 i - 2 scrolls of immolation {unknown}
Potions
 a - a potion of ambrosia {unknown}
 e - a potion of berserk rage {unknown}
Comestibles
 d - 4 rations
 f - a chunk of flesh


   Skills:
 * Level 2.8 Dodging
 - Level 3.0 Stealth
 + Level 3.5 Spellcasting
   Level 1.1 Transmutations
 + Level 3.9 Earth Magic


You had 8 spell levels left.
You knew the following spells:

 Your Spells              Type           Power        Failure   Level  Hunger
a - Sandblast             Erth           ###...       2%          1    None

Your spell library contained the following spells:

 Spells                   Type           Power        Failure   Level  Hunger
 Passwall                 Tmut/Erth      ##......     8%          2    ##.....
 Stone Arrow              Conj/Erth      ##....       19%         3    ###....
 Petrify                  Tmut/Erth      ##......     43%         4    ####...
 Lee's Rapid Deconstruct  Erth           ###.......   58%         5    ######.


Dungeon Overview and Level Annotations

Branches:
Dungeon (2/15)

Altars:


Message History

The blast of sand hits the jackal.
The jackal is severely wounded.
b - 24 stones The goblin shoots a stone.
The stone closely misses you.
The jackal bites you but does no damage.
You hit the jackal.
The jackal is almost dead.
The jackal closely misses you.
The goblin shoots a stone.
The stone hits you.
You are too injured to fight recklessly!
Casting: Sandblast (safe; 2% risk of failure)
Confirm with . or Enter, or press ? or * to list all spells.
Aiming: Sandblast (safe; 2% risk of failure)
Press: ? - help, Shift-Dir - straight line, f/p - jackal
Aim: a jackal (almost dead)
The blast of sand misses the jackal.
b - 23 stones The jackal bites you.
* * * LOW HITPOINT WARNING * * *
The goblin shoots a stone.
The stone hits you!
You die...

###+# .....
.....# ......
......####
........<######..
...$.†..(........
......h@.........
.....#...........
.... #........g..
### #...........
#...........
##..######$. ##+#
..


You could see a jackal and a goblin.

Vanquished Creatures
  A leopard gecko (D:1)
  2 goblins (D:1)
  5 hobgoblins (D:1)
  3 jackals (D:2)
  5 kobolds
  6 bats (D:1)
  2 frilled lizards (D:1)
  5 rats (D:1)
29 creatures vanquished.

Notes
Turn   | Place    | Note
-------+----------+-------------------------------------------
     0 | D:1      | protoss039 the Deep Elf Earth Elementalist began the quest
                  | for the Orb.
     0 | D:1      | Reached XP level 1. HP: 10/10 MP: 6/6
   155 | D:1      | Reached XP level 2. HP: 15/15 MP: 6/8
   849 | D:2      | Reached XP level 3. HP: 19/19 MP: 8/10
   858 | D:2      | Shot with a stone by a goblin

Illustrated notes

Levels and vault maps discovered:
D:1:      beargit_arrival_greenhouse, layout_rooms
D:2:      layout_basic, nicolae_overflow_crystal_walls, fiery_altar_vehumet,
          chequers_ecumenical_altar_simple, uniq_jessica, uniq_sigmund

Skill      XL: |  1  2 |
---------------+-------+-----
Stealth        | 3 |  3.0
Dodging        | |  2.8
Spellcasting   | |  3.5
Transmutations | |  1.1
Earth Magic    | |  3.9

Action                   || total
-------------------------++-------
Melee: Short sword       ||    17
 Cast: Sandblast         ||    28
 Stab: Sleeping          ||     3
Armor: Robe              ||     6
Dodge: Dodged            ||    36
